 Dungeon Sprint DCSS version 0.22.1-1-ga44c0e56f4 (webtiles) character file.

2727 MuseOD the Unseen (level 9, -1/50 HPs)
             Began as a Spriggan Enchanter on Sept 28, 2018.
             Was an Elder of Dithmenos.
             Slain by Joseph
             ... wielding a +1 quarterstaff of freezing
              (12 damage)
             ... in the Dungeon (Sprint III: "The Ten Rune Challenge").
             The game lasted 00:05:44 (1044 turns).

MuseOD the Unseen (Spriggan Enchanter)              Turns: 1044, Time: 00:05:45

Health: -1/50      AC:  2    Str:  4    XL:     9   Next: 40%
Magic:  2/24       EV: 18    Int: 19    God:    Dithmenos [****..]
Gold:   40         SH:  0    Dex: 17    Spells: 13/28 levels left

rFire    . . .     SeeInvis +   a - +1 dagger
rCold    . . .     Gourm    .   (shield restricted)
rNeg     . . .     Faith    .   b - +0 robe
rPois    .         Spirit   .   (helmet restricted)
rElec    .         Reflect  .   (no cloak)
rCorr    .         Harm     .   (gloves unavailable)
MR       +....     NoTele   +   (boots unavailable)
Stlth    +++++++++.             (no amulet)
HPRegen  0.16/turn              (no ring)
MPRegen  0.19/turn              (no ring)

@: lethally poisoned (-1 -> -20), slowed, wreathed by umbra, quick
A: very small, unfitting armour, see invisible, herbivore, speed 3, slow
metabolism 2
a: Shadow Step, Renounce Religion


You were in the Dungeon.
You worshipped Dithmenos.
Dithmenos was greatly pleased with you.
You were not hungry.

You visited 1 branch You collected 40 gold pieces.

Inventory:

Hand Weapons
 a - a +1 dagger (weapon)
Armour
 b - a +0 robe (worn)
Wands
 q - a wand of flame (20)
Scrolls
 c - a scroll of amnesia {unknown}
 k - 2 scrolls of identify {unknown}
 l - a scroll of holy word {unknown}
 m - 3 scrolls of remove curse
 o - a scroll of torment {unknown}
Potions
 g - a potion of haste
 h - 2 potions of magic
 i - 2 potions of berserk rage
 n - 5 potions of mutation
 p - 2 potions of flight
 r - a potion of might
Comestibles
 d - 4 rations


   Skills:
 - Level 7.0 Fighting
 - Level 12.8 Short Blades
 - Level 3.0 Dodging
 + Level 17.2 Stealth
 + Level 10.1 Spellcasting
 + Level 2.0 Conjurations
 - Level 9.7 Hexes


You had 13 spell levels left.
You knew the following spells:

 Your Spells              Type           Power        Failure   Level  Hunger
a - Corona                Hex            #####..      1%          1    None
b - Ensorcelled Hibernat  Hex/Ice        ####..       1%          2    None
c - Confuse               Hex            #####...     1%          3    None
d - Dazzling Spray        Conj/Hex       ####..       1%          3    None
e - Tukima's Dance        Hex            #####...     1%          3    None
f - Mephitic Cloud        Conj/Pois/Air  ##......     17%         3    None

Your spell library contained the following spells:

 Spells                   Type           Power        Failure   Level  Hunger
 Slow                     Hex            #####...     1%          2    None
 Magic Dart               Conj           ###.         3%          1    None
 Summon Butterflies       Summ           #.......     8%          1    None
 Blink                    Tloc           N/A          11%         2    None
 Call Imp                 Summ           #.......     11%         2    None
 Conjure Flame            Conj/Fire      ##......     14%         3    None
 Call Canine Familiar     Summ           #.......     22%         3    None
 Summon Mana Viper        Hex/Summ       ####....     28%         5    #####..
 Summon Ice Beast         Ice/Summ       #.......     58%         4    ##.....
 Summon Hydra             Summ           #.........   100%        7    #######


Dungeon Overview and Level Annotations

Branches:
Dungeon (1/1)

Altars:
Dithmenos
Elyvilon
Kikubaaqudgha
Okawaru
Ru
Sif Muna
Trog
Uskayaw
Vehumet
Wu Jian
Yredelemnul
Zin
The Shining One
Beogh

Annotations:
D Harold, Joseph


Innate Abilities, Weirdness & Mutations

You are very small and have problems with some larger weapons.
You are too small for most types of armour.
You have supernaturally acute eyesight. (SInv)
You are a herbivore.
You cover ground extremely quickly.
You need to consume almost no food.


Message History

You feel as though you will be slow longer.
You feel sick.
Joseph is no longer blind.
Harold hits you with a dire flail of distortion!
* * * LOW HITPOINT WARNING * * *
Joseph unwields an uncursed blowgun.
Joseph wields an uncursed quarterstaff of freezing.
It glows with a cold blue light!
Joseph closely misses you.
You see here a curare-tipped needle.
You feel much better.
You feel very sick.
Joseph hits you with an uncursed quarterstaff of freezing!
Joseph freezes you.
* * * LOW HITPOINT WARNING * * *
You catch the helpless Harold completely off-guard!
You perforate Harold like a sieve!!!
Harold is severely wounded.
* * * LOW HITPOINT WARNING * * *
You feel sick.
Joseph hits you with an uncursed quarterstaff of freezing!
You die...

.# '#
.#+#####################
.#....#)#)#)....#......+
.##.#.)#.##.###.#......#
.'##.#.#.##.#).##......#
.#...#..#..##.)(.......#
▓▓▓▓▓▓▓▓▓▓▓▓▓▓▓#.......#
#@@.....# +.@.....#
#.......# ##'######
#.(.+ #...# #§..# #####


You could see Harold (confused) and Joseph.

Vanquished Creatures
  Erolcha (D)
  A deep elf mage (D)
  2 redbacks (D)
  A shadow (D)
  A necrophage (D)
  5 two-headed ogres (D)
  A jelly (D)
  A wizard (D)
  A necromancer (D)
  3 humans (D)
  A kobold demonologist (D)
  2 oozes (D)
  A phantom (D)
  2 rats (D)
23 creatures vanquished.

Vanquished Creatures (others)
  2 draconian scorchers (D)
  6 hellions (D)
  2 yaktaurs (D)
  3 plants (D)
13 creatures vanquished.

Grand Total: 36 creatures vanquished

Notes
Turn   | Place    | Note
-------+----------+-------------------------------------------
     0 | D        | MuseOD the Spriggan Enchanter began the quest for the Orb.
     0 | D        | Reached XP level 1. HP: 9/9 MP: 5/5
    10 | D        | Reached skill level 1 in Fighting
    10 | D        | Reached skill level 5 in Stealth
    17 | D        | Reached XP level 2. HP: 14/14 MP: 6/6
    21 | D        | Learned a level 2 spell: Ensorcelled Hibernation
   103 | D        | Killed a yaktaur
   125 | D        | Killed a hellion
   125 | D        | Killed a hellion
   125 | D        | Killed a hellion
   153 | D        | Killed a hellion
   195 | D        | Killed a white draconian scorcher
   209 | D        | Killed a white draconian scorcher
   252 | D        | Killed a hellion
   252 | D        | Killed a hellion
   323 | D        | Reached skill level 6 in Stealth
   323 | D        | Reached XP level 3. HP: 16/18 MP: 2/8
   345 | D        | Learned a level 3 spell: Confuse
   407 | D        | Killed a yaktaur
   633 | D        | Noticed a water elemental
   652 | D        | Found a glowing silver altar of Zin.
   652 | D        | Found a glowing golden altar of the Shining One.
   652 | D        | Found a white marble altar of Elyvilon.
   652 | D        | Noticed a deep elf mage
   656 | D        | Noticed an earth elemental
   656 | D        | Killed a deep elf mage
   656 | D        | Reached skill level 5 in Fighting
   656 | D        | Reached skill level 11 in Stealth
   656 | D        | Reached XP level 4. HP: 28/28 MP: 9/9
   656 | D        | Reached XP level 5. HP: 32/32 MP: 10/10
   656 | D        | Reached XP level 6. HP: 36/36 MP: 11/11
   661 | D        | Learned a level 3 spell: Dazzling Spray
   667 | D        | Found a basalt altar of Yredelemnul.
   667 | D        | Found a shadowy altar of Dithmenos.
   667 | D        | Found a sacrificial altar of Ru.
   670 | D        | Reached skill level 12 in Stealth
   670 | D        | Reached XP level 7. HP: 40/40 MP: 12/12
   674 | D        | Became a worshipper of Dithmenos the Shadowed
   681 | D        | Found a hide-covered altar of Uskayaw.
   681 | D        | Found an iron altar of Okawaru.
   682 | D        | Found a roughly hewn altar of Beogh.
   682 | D        | Found a bloodstained altar of Trog.
   682 | D        | Found an ornate altar of the Wu Jian Council.
   682 | D        | Noticed a human
   682 | D        | Noticed a human
   684 | D        | Killed a human
   685 | D        | Killed a human
   685 | D        | Reached skill level 13 in Stealth
   697 | D        | Found a radiant altar of Vehumet.
   697 | D        | Found a deep blue altar of Sif Muna.
   697 | D        | Found an ancient bone altar of Kikubaaqudgha.
   699 | D        | Reached * piety under Dithmenos
   719 | D        | Noticed a shadow
   721 | D        | Killed a shadow
   721 | D        | Reached XP level 8. HP: 46/46 MP: 12/14
   725 | D        | Reached ** piety under Dithmenos
   734 | D        | Reached skill level 14 in Stealth
   734 | D        | Reached skill level 5 in Hexes
   736 | D        | Reached skill level 5 in Spellcasting
   745 | D        | Noticed a two-headed ogre
   748 | D        | Killed a two-headed ogre
   748 | D        | Reached *** piety under Dithmenos
   748 | D        | Reached skill level 15 in Stealth
   752 | D        | Noticed Erolcha
   753 | D        | Noticed a two-headed ogre
   755 | D        | Killed Erolcha
   755 | D        | Reached skill level 16 in Stealth
   755 | D        | Reached XP level 9. HP: 50/50 MP: 15/22
   756 | D        | Killed a two-headed ogre
   761 | D        | Learned a level 3 spell: Tukima's Dance
   765 | D        | Learned a level 3 spell: Mephitic Cloud
   771 | D        | Reached skill level 17 in Stealth
   771 | D        | Reached skill level 1 in Conjurations
   773 | D        | Reached **** piety under Dithmenos
   773 | D        | Reached skill level 10 in Spellcasting
   777 | D        | Noticed Harold
   777 | D        | Noticed Joseph
  1044 | D        | Slain by Joseph

Skill      XL: |  1  2  3  4  5  6  7  8  9 |
---------------+----------------------------+-----
Fighting       | 1 2 5 6 7 |  7.0
Short Blades   | 3 4 11 12 | 12.8
Stealth        | 5 6 11 12 13 16 17 | 17.2
Spellcasting   | 3 8 10 | 10.1
Hexes          | 4 9 |  9.7
Conjurations   | 2 |  2.0
Dodging        | |  3.0

Action                   |  1- 3 |  4- 6 |  7- 9 || total
-------------------------+-------+-------+-------++-------
Melee: Dagger            |    51 |     2 |    17 ||    70
 Cast: Ensorcelled Hiber |     5 |       |       ||     5
       Confuse           |     5 |       |     4 ||     9
       Dazzling Spray    |       |       |     9 ||     9
  Use: Potion            |     1 |       |     2 ||     3
       Scroll            |       |       |     1 ||     1
 Stab: Sleeping          |     5 |     2 |    13 ||    20
       Confused          |       |       |     1 ||     1
       Held in net/web   |       |       |     1 ||     1
Armor: Robe              |     3 |       |       ||     3
Dodge: Dodged            |    31 |       |     8 ||    39
